[Event "7th Porticcio Open 2022"]
[Site "Porticcio"]
[Date "2022.07.07"]
[Round "8.8"]
[White "Droin, Augustin"]
[Black "Virtanen, Antti"]
[Result "1-0"]
[ECO "B40"]
[WhiteElo "2391"]
[BlackElo "2270"]
[Annotator "TA"]
[PlyCount "83"]
[EventDate "2022.07.02"]
[EventType "swiss"]
[EventCountry "FRA"]
[SourceTitle "playchess.com"]
[Source "ChessBase"]
[SourceQuality "1"]
[TimeControl "5400+30"]

1. e4 c5 2. Nf3 e6 3. d4 cxd4 4. Nxd4 Nf6 5. Nc3 Nc6 6. Ndb5 Bb4 7. a3 Bxc3+ 8. Nxc3 d5 9. Bd3 dxe4 10. Nxe4 Nxe4 11. Bxe4 Qxd1+ 12. Kxd1 Bd7 13. Re1 {[%emt 0:00:03] B45: Sicilian Four Knights.} O-O-O 14. Bd2 {[%emt 0:02:02] [#]} Nd4 $146 ({Predecessor:} 14... f5 15. Bd3 e5 16. a4 e4 17. Bf1 h6 18. Ra3 g5 19. Kc1 Rde8 20. a5 Rhf8 {½-½ (63) Steinbacher,M (2334)-Vagner,T (2216) Bayern 2007}) 15. a4 {[%emt 0:00:15] The position is equal.} f5 16. Bd3 Bc6 17. f3 Nb3 18. Ra3 Nxd2 19. Kxd2 Rhe8 20. Re5 (20. b4 {looks sharper.} e5 21. b5 e4 22. bxc6 bxc6 23. Rc3) 20... Rd5 21. Rxd5 Bxd5 $14 {[%emt 0:00:07][%mdl 4096] Endgame KRB-KRB} 22. Rc3+ Kd7 (22... Kb8 $11 {keeps the balance.}) 23. Bb5+ $16 {[%emt 0:00:55] Black is on the road to losing.} Bc6 24. Bxc6+ bxc6 {[%emt 0:00:07] KR-KR} 25. Rc5 Kc7 26. b4 Kd6 27. Ra5 Re7 {[%emt 0:00:07] [#]} 28. f4 $1 Rb7 {[%emt 0:02:21] [#]} (28... h6 $16) 29. c3 $1 $18 h6 30. g3 Rd7 31. Ke3 Ke7 (31... g5 $142 32. Kd4 Rh7) 32. Rc5 (32. Ra6 $142) 32... Rd6 (32... Kd6 {keeps fighting.} 33. Ra5 g5) 33. c4 Kf6 34. Ra5 Rd7 35. c5 Rb7 (35... e5 $142 36. Ra6 exf4+ 37. gxf4 Ke6) 36. b5 Ke7 $2 (36... g5 37. Kd4 (37. bxc6 Rc7 $16) 37... e5+ 38. fxe5+ Ke6) 37. Kd4 g5 38. h4 gxh4 39. gxh4 Rd7+ 40. Kc4 e5 41. b6 ({Less strong is} 41. fxe5 f4 42. Ra6 (42. bxc6 f3 $16) 42... Ke6 43. Rxc6+ Kxe5 $18) 41... exf4 42. Rxa7 {[%emt 0:00:06] Weighted Error Value: White=0.07 (flawless) /Black=0.67} ({Worse is} 42. bxa7 f3 43. a8=Q f2 $15) 1-0

[Event "7th Porticcio Open 2022"]
[Site "Porticcio"]
[Date "2022.07.08"]
[Round "9.1"]
[White "Maurizzi, Marc Andria"]
[Black "Karttunen, Mika"]
[Result "1/2-1/2"]
[ECO "C65"]
[WhiteElo "2506"]
[BlackElo "2484"]
[Annotator "TA"]
[PlyCount "79"]
[EventDate "2022.07.02"]
[EventType "swiss"]
[EventCountry "FRA"]
[SourceTitle "playchess.com"]
[Source "ChessBase"]
[SourceQuality "1"]
[TimeControl "5400+30"]

1. e4 e5 2. Nf3 Nc6 3. Bb5 Nf6 4. d3 d6 5. O-O Be7 6. c3 O-O 7. Re1 a6 8. Ba4 b5 9. Bc2 Nb8 10. Nbd2 Nbd7 11. Nf1 Re8 12. Ng3 Bf8 13. d4 Bb7 14. h3 h6 15. a4 g6 16. Bd3 c6 17. b4 {[%emt 0:03:55] [#] C92: Closed Ruy Lopez: 9...Be6, Karpov and Flohr-Zaitsev Variations.} Nb6 $146 ({Predecessor:} 17... Bg7 18. Nh2 d5 19. Bb2 dxe4 20. Bxe4 exd4 21. cxd4 Nb6 22. axb5 axb5 23. Nf3 Na4 {0-1 (70) Ronchetti,N (2411)-Dervishi,E (2491) Frascati 2006}) 18. axb5 (18. a5 {is more complex.} Na4 19. Qd2 exd4 20. cxd4 c5 21. bxc5 dxc5 22. d5) 18... axb5 19. Rxa8 {[%emt 0:01:00] White is slightly better.} Qxa8 20. dxe5 dxe5 21. Be3 Nbd7 22. Nd2 Bg7 23. Nb3 Nf8 24. Qc2 Ne6 25. Ra1 Qb8 26. c4 bxc4 27. Bxc4 Bc8 28. Qc3 {[%emt 0:02:09] White is more active.} Bf8 29. Nc5 Nxc5 30. bxc5 Be6 31. Bxe6 Rxe6 32. Qa5 (32. Ra6 {with more complications.} Qb1+ 33. Kh2 h5 34. Rb6) 32... Re7 33. Qb6 Qc8 34. Rb1 (34. Ra6 $5 ) 34... Re8 35. Qa7 Qc7 $2 {[%mdl 8192] [#]} 36. Qxc7 $18 Re7 37. Qb8 (37. Qxc6 $142 Nh7 38. Qa8 h5 39. c6 h4 40. Rb7 Re6 41. c7 hxg3 42. c8=Q) 37... Re8 38. Qc7 Re7 $1 39. Qb8 Re8 40. Qc7 $2 {[%emt 0:00:25] Weighted Error Value: White=0.52/Black=0.52} (40. Qb7 $18 Re6 41. Rb6) 1/2-1/2

[Event "7th Porticcio Open 2022"]
[Site "Porticcio"]
[Date "2022.07.08"]
[Round "9.2"]
[White "Suarez Uriel, Adrian"]
[Black "Can, Isik"]
[Result "1/2-1/2"]
[ECO "B10"]
[WhiteElo "2386"]
[BlackElo "2445"]
[Annotator "RC"]
[PlyCount "113"]
[EventDate "2022.07.02"]
[EventType "swiss"]
[EventCountry "FRA"]
[SourceTitle "playchess.com"]
[Source "ChessBase"]
[SourceQuality "1"]
[TimeControl "5400+30"]

1. e4 c6 2. Nf3 d5 3. Nc3 dxe4 4. Nxe4 Nf6 5. Qe2 Nxe4 6. Qxe4 Qd5 7. Qh4 Qe6+ 8. Be2 Qg6 9. O-O Qxc2 10. Bc4 Qf5 11. Re1 e6 12. d4 Nd7 13. Qg3 Qg6 14. Qh3 Be7 15. Ne5 Nxe5 16. dxe5 h5 17. Bd3 Qg4 18. Qxg4 hxg4 19. Re4 f5 20. exf6 gxf6 21. Rxg4 e5 22. Bg6+ Kf8 23. Rg3 Bc5 24. Be3 Bxe3 25. Rxe3 Rg8 26. Bc2 Be6 27. Rd1 Kf7 28. Bb3 Rad8 29. Rxd8 Rxd8 30. Bxe6+ Kxe6 31. g4 Rd4 32. Rg3 c5 33. Kf1 Rd2 34. Rb3 b6 35. Ke1 Rc2 36. a3 Kd5 37. h4 c4 38. Rh3 Rxb2 39. h5 Rb3 40. Rxb3 cxb3 41. Kd2 Ke6 42. Kc3 b5 43. Kxb3 a5 44. Kc3 Kf7 45. Kd3 Kg7 46. Ke4 Kh6 47. Kd5 b4 48. axb4 axb4 49. Kc4 f5 50. gxf5 Kxh5 51. Kxb4 Kg5 52. Kc4 Kxf5 53. Kd5 Kf4 54. Ke6 e4 55. Kd5 Kf3 56. Kd4 Kxf2 57. Kxe4 1/2-1/2

[Event "7th Porticcio Open 2022"]
[Site "Porticcio"]
[Date "2022.07.08"]
[Round "9.3"]
[White "Peng, Li Min"]
[Black "Venkatesh, M.R."]
[Result "0-1"]
[ECO "A46"]
[WhiteElo "2516"]
[BlackElo "2479"]
[Annotator "TA"]
[PlyCount "90"]
[EventDate "2022.07.02"]
[EventType "swiss"]
[EventCountry "FRA"]
[SourceTitle "playchess.com"]
[Source "ChessBase"]
[SourceQuality "1"]
[TimeControl "5400+30"]

1. d4 Nf6 2. Bg5 e6 3. Nf3 h6 4. Bh4 b6 5. Nbd2 Bb7 6. e3 d6 7. Bd3 Nbd7 {[%emt 0:06:59] A46: 1 d4 Nf6 2 Nf3 e6: Torre, London and Colle Systems.} (7... g5 $5 8. Bg3 g4 $11) 8. Qe2 Be7 9. O-O-O c5 {[%emt 0:02:52][%cal Bc7c5,Bc5c4][%mdl 32] [#] The position is equal.} 10. h3 $146 (10. e4 $11) ({Predecessor:} 10. c3 Qc7 11. Kb1 g5 12. Bg3 Nh5 13. e4 Nxg3 14. hxg3 O-O-O 15. Ba6 Bxa6 16. Qxa6+ {1-0 (56) Vasiliadis,A (1873)-Balomenakis,H (1874) Kallithea 2010}) 10... a6 $15 11. c3 b5 12. g4 Qa5 {[%emt 0:08:27] White must now prevent ...c4.} 13. Kb1 $1 c4 14. Bc2 d5 15. e4 g5 (15... Rb8 $15 16. Bg3 dxe4 17. Nxe4 (17. Bxb8 $2 exf3 18. Nxf3 Nxb8 $19) 17... Rc8) 16. Bg3 $11 Rc8 {[%emt 0:03:55] ...b4 is the strong threat.} 17. Ne5 (17. e5 $5 Nh7 18. Qe3 $14) 17... b4 $1 18. exd5 Bxd5 19. Ndxc4 (19. Nexc4 $11 Qb5 20. Bd3 (20. Bb3 bxc3 21. bxc3 Nb6 $17)) 19... Qb5 $1 $17 20. Bd3 {[%emt 0:22:46][%cal Oc4d6] Strongly threatening Nd6+!} Qb7 $1 21. Rhe1 (21. Na5 $15 {is superior.} Qa7 22. cxb4 (22. Bxa6 $2 Ra8 $19) 22... Bxb4 23. Nb3) 21... bxc3 {[%emt 0:00:08] Hoping for ...Nxe5.} 22. b3 Nb6 (22... O-O $17 {And now ...Nxe5 would win.} 23. Rc1 Nxe5 24. Bxe5 Bxc4 25. Bxc4 Nd5 26. Bxd5 (26. Bxa6 $2 c2+ 27. Rxc2 Rxc2 $19) 26... Qxd5) 23. Rc1 (23. Ka1 $14) 23... Bb4 24. Rc2 a5 $1 25. Nxb6 Qxb6 26. Nc4 Qd8 (26... Qxd4 $2 27. Be5 Qa7 28. Bxf6 $18) 27. Be5 a4 28. bxa4 (28. f4 $11 {keeps the balance.}) 28... O-O 29. Ka1 (29. h4 $1 $11 Nd7 30. hxg5 Nxe5 31. dxe5) 29... Nd7 $1 30. h4 Bxc4 {[%emt 0:01:24] The board is on fire.} (30... gxh4 31. Qe3 Nxe5 32. Nxe5 $15) 31. Bxc4 Nxe5 ({Reject} 31... gxh4 $6 32. Bh2 $11) 32. dxe5 {[%emt 0:00:05] [#]} Qd4 ({But not} 32... gxh4 $6 33. Qe4 Kg7 34. f4 $11) 33. Bb3 Rfd8 34. hxg5 hxg5 35. Kb1 Rc5 36. Qe3 Qxg4 37. a3 Bxa3 {[%emt 0:00:29] 0x0.00222d9f6647dp-1022s more active pieces.} 38. Rxc3 $2 {[%emt 0:00:37] Now White is beyond hope.} (38. Qe4 $17 Qf4 39. Ka2) 38... Rxc3 $19 39. Qxc3 {[%emt 0:00:01] [#]} Bb4 $1 40. Qc7 Rd2 41. Bc2 {[%emt 0:01:36] Prevents Qf5.} Bf8 {[%emt 0:00:34] aiming for ...Qb4+.} (41... Rxc2 42. Qd8+ Bf8 43. Kxc2 $11) 42. Qb6 Rd4 {[%emt 0:00:16] ( -> ...Rb4+)} ({Weaker is} 42... Qc4 43. Rc1 Qh4 44. f3) 43. Qc6 $2 (43. Ka2) 43... Rb4+ 44. Kc1 Rc4 45. Qa8 Qf4+ {[%emt 0:00:26] Weighted Error Value: White=0.57/Black=0.12 (very precise)} 0-1

[Event "7th Porticcio Open 2022"]
[Site "Porticcio"]
[Date "2022.07.08"]
[Round "9.4"]
[White "Clarke, Brandon G I"]
[Black "Martin Duque, Jesus"]
[Result "1-0"]
[ECO "B48"]
[WhiteElo "2486"]
[BlackElo "2378"]
[Annotator "RC"]
[PlyCount "133"]
[EventDate "2022.07.02"]
[EventType "swiss"]
[EventCountry "FRA"]
[SourceTitle "playchess.com"]
[Source "ChessBase"]
[SourceQuality "1"]
[TimeControl "5400+30"]

1. e4 c5 2. Nf3 Nc6 3. d4 cxd4 4. Nxd4 e6 5. Nc3 Qc7 6. Be3 a6 7. Qf3 Nf6 8. O-O-O Ne5 9. Qg3 b5 10. Bf4 Nh5 11. Bxe5 Nxg3 12. Bxc7 Nxh1 13. f3 Bc5 14. Bf4 Nf2 15. Rd2 h5 16. Be3 Ng4 17. fxg4 hxg4 18. Bf4 Bb7 19. a3 Rc8 20. Be2 f6 21. Bg3 Bb6 22. Kb1 Ba5 23. Bxg4 Bxc3 24. bxc3 Rxc3 25. Kb2 Rc8 26. Bf3 Ke7 27. Ne2 e5 28. Nc3 d6 29. Nd1 g6 30. Ne3 Rhf8 31. Bh4 Rc7 32. g4 Ke6 33. Be1 g5 34. h3 a5 35. Rh2 Ra8 36. h4 Rh7 37. h5 Bc6 38. Nd5 Bxd5 39. exd5+ Ke7 40. Be4 Rhh8 41. Bf5 Rhb8 42. Rh3 b4 43. axb4 axb4 44. Re3 Ra5 45. Be6 f5 46. gxf5 Kf6 47. Re4 Ra4 48. Rc4 Ra7 49. Bd2 Rh7 50. h6 Rxh6 51. Rc7 e4 52. Rf7+ Ke5 53. Bxg5 Rh2 54. Bf6+ Kf4 55. Be7 Rb6 56. Bd8 e3 57. Re7 e2 58. Bc8 Rb5 59. Bc7 Kf3 60. Bxd6 Rf2 61. Kb3 Kg2 62. f6 Rb6 63. f7 Rf3+ 64. Kc4 Rxd6 65. Rxe2+ Kf1 66. Re6 Rf4+ 67. Kc5 1-0

[Event "7th Porticcio Open 2022"]
[Site "Porticcio"]
[Date "2022.07.08"]
[Round "9.5"]
[White "Mastrovasilis, Athanasios"]
[Black "Droin, Augustin"]
[Result "1-0"]
[ECO "D31"]
[WhiteElo "2527"]
[BlackElo "2391"]
[Annotator "TA"]
[PlyCount "59"]
[EventDate "2022.07.02"]
[EventType "swiss"]
[EventCountry "FRA"]
[SourceTitle "playchess.com"]
[Source "ChessBase"]
[SourceQuality "1"]
[TimeControl "5400+30"]

1. d4 d5 2. c4 e6 3. Nc3 c6 4. cxd5 exd5 5. Bf4 Bf5 6. e3 Bd6 {[%emt 0:10:32] D31: Queen's Gambit Declined: Semi-Slav without ...Nf6 (+ Marshall Gambit and Noteboom) and Exchange Variation lines without ...Nf6.} 7. Nge2 Ne7 {[%emt 0:07:15] [#]} 8. Qd2 $146 ({Predecessor:} 8. f3 Na6 9. a3 O-O 10. g4 Be6 11. Bg2 Nc7 12. O-O Ng6 13. Bxd6 Qxd6 14. Qe1 {0-1 (59) Corvi,M (2320)-Ortega,L (2475) Italy 1998}) 8... Bxf4 {[%emt 0:07:16] The position is equal.} 9. Nxf4 Nd7 10. f3 Ng6 11. g4 Be6 12. O-O-O Nxf4 13. exf4 {[%emt 0:00:07] Strongly threatening f5.} g6 {[%emt 0:00:07] Inhibits f5.} 14. f5 gxf5 15. gxf5 Bxf5 16. Re1+ Be6 17. f4 {[%emt 0:13:51][%mdl 1024] White has compensation.} Kf8 ({Better is} 17... O-O $1 $14) 18. Bd3 $16 {[%emt 0:11:37] And now f5 would win.} Bg4 19. Rhg1 Nf6 20. Qe3 (20. Na4 $16) 20... h6 21. Qe5 $36 {[%emt 0:03:18][%mdl 2048] Inhibits Qd6. Threatens to win with Rxg4. Keeping Black busy.} Rg8 {[%emt 0:00:18] [#]} 22. Rg3 {[%emt 0:01:16] White is much more active.} ({White should play} 22. Re3 $1 $16 ) 22... Nh5 {[%emt 0:02:42] [#] This move loses the game for Black.} (22... Be6 23. f5 Bc8 24. Qf4 $18) (22... Bh5 $1 $14) 23. Rxg4 $1 $18 {[%emt 0:02:12][%mdl 512] Dancing on a razor blade.} Rxg4 {[%emt 0:00:02] [#]} 24. Qh8+ (24. Qxh5 Qh4 25. Qe5 Qxh2 $11) 24... Rg8 25. Qxh6+ Rg7 (25... Ng7 $2 26. f5 f6 27. Na4 $18) 26. Qxh5 {[%emt 0:01:17] Hoping for Qh8+.} ({Don't play} 26. Qh8+ Rg8 27. Qh6+ (27. Qxh5 Qf6 $16) 27... Rg7 28. Qxh5 (28. Qh8+ Rg8 $18) 28... Qd6 $18) 26... Kg8 {[%emt 0:00:04] Prevents Qh8+.} (26... Qd6 27. Re5 Rg8) 27. Qh6 {[%emt 0:00:34] White is clearly winning.} Qf8 28. Nd1 {[%emt 0:02:06][%cal Oe1g1] Black must now prevent Rg1!} Re8 {[%emt 0:02:47] [#]} (28... Rg6 $142 29. Qxf8+ Kxf8 30. Bxg6 fxg6) 29. Rg1 $3 f5 {[%emt 0:01:35] [#]} 30. Bxf5 $1 {[%emt 0:00:24][%mdl 512] Weighted Error Value: White=0.06 (flawless) /Black=0.40} 1-0

[Event "7th Porticcio Open 2022"]
[Site "Porticcio"]
[Date "2022.07.08"]
[Round "9.6"]
[White "Piscopo, Pierluigi"]
[Black "Yankelevich, Lev"]
[Result "0-1"]
[ECO "C44"]
[WhiteElo "2343"]
[BlackElo "2496"]
[Annotator "TA"]
[PlyCount "92"]
[EventDate "2022.07.02"]
[EventType "swiss"]
[EventCountry "FRA"]
[SourceTitle "playchess.com"]
[Source "ChessBase"]
[SourceQuality "1"]
[TimeControl "5400+30"]

1. e4 e5 2. Nf3 Nc6 3. d4 exd4 4. c3 Nf6 5. e5 Nd5 6. cxd4 Bb4+ 7. Bd2 Bxd2+ 8. Nbxd2 O-O {[%emt 0:02:39] C44: Ponziani Opening and Scotch Gambit.} 9. Bb5 (9. Qb3 $5 Nb6 10. Bd3 $11) 9... Nce7 10. O-O d6 {[%emt 0:00:03] The position is equal.} 11. Re1 Bg4 12. h3 Bh5 {[%emt 0:03:55] [#]} 13. Qb3 $146 ({Predecessor:} 13. Ne4 dxe5 14. dxe5 Nf5 15. Qb3 {½-½ (15) Hlavacek,K (1970)-Kozak,M (2175) Klatovy 2001}) 13... c6 14. Bf1 dxe5 15. dxe5 (15. Qxb7 $14 exd4 16. Nxd4) 15... Qb6 $11 16. Qa4 Qb4 ({Don't do} 16... Qxb2 17. Rab1 Nc3 18. Qd4 $16 (18. Rxb2 Nxa4 19. Rxb7 Nd5 $16)) 17. Qc2 Bg6 18. Qc1 Qf4 19. g3 Qf5 20. a3 Qd7 21. b4 Bf5 22. Kh2 a5 23. Qb2 axb4 24. axb4 Be6 25. Bg2 Qc7 26. Nc4 Nf4 27. Bf1 {[%emt 0:00:55] [#] Prevents Nd3. Hoping for Rxa8.} Bd5 28. Ng5 {[%emt 0:07:32] And now Rxa8 would win.} Ne6 29. h4 Nf5 30. Ne3 (30. Rxa8 $11 {keeps the balance.} Rxa8 31. Ra1) 30... Nxg5 $17 (30... Nxe3 {feels hotter.} 31. Rxe3 Rxa1 32. Qxa1 Nxg5 33. hxg5 Qe7) 31. hxg5 Nxe3 32. Rxe3 {[%emt 0:00:12] [#]} Rxa1 $1 33. Qxa1 Qe7 34. Qd4 Qxg5 35. Qh4 Qf5 36. g4 $2 {[%emt 0:00:55] This costs White the game.} (36. Qf4 $17 {might work better.} Qh5+ 37. Qh4 Qxh4+ 38. gxh4) 36... Qf4+ $19 37. Qg3 Qxb4 38. f4 (38. Bg2 {was necessary.}) 38... Ra8 39. f5 (39. Kh3 $142) 39... Qd2+ 40. Re2 $2 (40. Kh3) 40... Qh6+ 41. Kg1 Ra1 {[%emt 0:11:46] ( -> ...Qh1+)} 42. Kf2 (42. Rh2 $142 Qg5 43. e6) 42... Qc1 43. Bh3 Qc5+ (43... Ra3 $142 44. Qxa3 Qxa3) 44. Qe3 Qxe3+ 45. Rxe3 Rb1 (45... b5 $142 46. Bf1 b4) 46. g5 $2 (46. Ra3 h6 47. Bf1) 46... Rb2+ {[%emt 0:05:32] Weighted Error Value: White=0.55/Black=0.37} 0-1

[Event "7th Porticcio Open 2022"]
[Site "Porticcio"]
[Date "2022.07.08"]
[Round "9.7"]
[White "Mathieu, Phileas"]
[Black "Rakotomaharo, Fy Antenaina"]
[Result "1-0"]
[ECO "C77"]
[WhiteElo "2331"]
[BlackElo "2490"]
[Annotator "RC"]
[PlyCount "151"]
[EventDate "2022.07.02"]
[EventType "swiss"]
[EventCountry "FRA"]
[SourceTitle "playchess.com"]
[Source "ChessBase"]
[SourceQuality "1"]
[TimeControl "5400+30"]

1. e4 e5 2. Nf3 Nc6 3. Bb5 a6 4. Ba4 Nf6 5. d3 d6 6. c3 g6 7. h3 Bg7 8. Be3 O-O 9. Nbd2 Re8 10. O-O h6 11. d4 b5 12. Bc2 Nh5 13. a4 Rb8 14. axb5 axb5 15. dxe5 dxe5 16. Nb3 Qf6 17. Nc5 Rd8 18. Qe2 Nf4 19. Bxf4 exf4 20. Rfd1 Qe7 21. Rxd8+ Nxd8 22. Na6 Rb6 23. Nb4 Bb7 24. Rd1 c6 25. Qd2 Ne6 26. Bb3 g5 27. Bxe6 fxe6 28. Qd8+ Qxd8 29. Rxd8+ Kf7 30. Rb8 Ke7 31. Nxc6+ Rxc6 32. Rxb7+ Kf6 33. Rxb5 Bf8 34. Kf1 Rc4 35. e5+ Kf7 36. Nd4 Bg7 37. Ke2 Ra4 38. Kf3 Ra6 39. Rb7+ Kg6 40. Re7 Ra2 41. Rxe6+ Kf7 42. Rb6 Bxe5 43. Ke4 Bf6 44. Kf5 Be7 45. Nc6 Bc5 46. Rb7+ Ke8 47. f3 Be3 48. Ke6 Kf8 49. Kf6 Ke8 50. Kg7 Bc5 51. Rb5 Be3 52. Rd5 Bb6 53. Rd2 Bc7 54. Re2+ Kd7 55. Nb4 Ra5 56. Kxh6 Bb6 57. Kg6 Rb5 58. Rd2+ Ke6 59. Re2+ Kd6 60. Rd2+ Ke6 61. Rd5 Rxb4 62. cxb4 Kxd5 63. Kxg5 Ke5 64. Kg6 Bf2 65. b5 Bh4 66. b6 Kd6 67. Kf5 Kc6 68. Kxf4 Kxb6 69. g4 Bf6 70. b3 Bc3 71. Kf5 Kc7 72. f4 Kd6 73. Kg6 Ke7 74. f5 Be1 75. g5 Kf8 76. Kh7 1-0

[Event "7th Porticcio Open 2022"]
[Site "Porticcio"]
[Date "2022.07.08"]
[Round "9.8"]
[White "Tomasi, Albert"]
[Black "Trent, Lawrence"]
[Result "0-1"]
[ECO "B62"]
[WhiteElo "2298"]
[BlackElo "2404"]
[Annotator "RC"]
[PlyCount "148"]
[EventDate "2022.07.02"]
[EventType "swiss"]
[EventCountry "FRA"]
[SourceTitle "playchess.com"]
[Source "ChessBase"]
[SourceQuality "1"]
[TimeControl "5400+30"]

1. e4 c5 2. Nf3 Nc6 3. d4 cxd4 4. Nxd4 Nf6 5. Nc3 d6 6. Bg5 e6 7. f4 Be7 8. Nf3 h6 9. Bh4 g5 10. fxg5 Ng4 11. Qd2 a6 12. O-O-O Nge5 13. Kb1 hxg5 14. Bg3 Bd7 15. Qf2 Nxf3 16. gxf3 Ne5 17. Be2 Qc7 18. h4 gxh4 19. Bxh4 Qc5 20. Qg3 Bxh4 21. Rxh4 Rxh4 22. Qg8+ Ke7 23. Qg5+ Ke8 24. Qxh4 Ng6 25. Qh7 Ke7 26. f4 Bc6 27. Bd3 e5 28. fxe5 Nxe5 29. Bf1 Re8 30. Qh6 Kd7 31. a3 Kc7 32. Qf6 Re6 33. Qf4 Rg6 34. Qh4 Kb8 35. Qe1 Rf6 36. Be2 Rf2 37. Bd3 Rg2 38. Qf1 Rg3 39. Qf6 Rg6 40. Qd8+ Ka7 41. Ka2 Rg2 42. Kb1 Nxd3 43. Rxd3 Bxe4 44. b4 Qg1+ 45. Rd1 Bxc2+ 46. Ka1 Qb6 47. Qxb6+ Kxb6 48. Rxd6+ Kc7 49. Rf6 Bb3 50. b5 a5 51. Ne4 Rg6 52. Rf5 b6 53. Ng5 Rg7 54. Kb2 a4 55. Kc3 Kd7 56. Kd4 f6 57. Ne4 Rg4 58. Rxf6 Bc2 59. Rd6+ Ke7 60. Rxb6 Rxe4+ 61. Kd5 Kd7 62. Rd6+ Ke7 63. Rc6 Re2 64. Kc5 Be4 65. Ra6 Bc2 66. Rc6 Bd3 67. Kb6 Rb2 68. Ka5 Rxb5+ 69. Kxa4 Rb8 70. Rc3 Bf5 71. Ka5 Bd7 72. Rc4 Kd6 73. Rb4 Rh8 74. Rd4+ Kc5 0-1